 Dungeon Crawl Stone Soup version 0.31-a0-977-gc230f8ef24 (webtiles) character file.

Game seed: 8489521891114177911

936 strifetoe the Cudgeller (level 7, 0/88 HPs)
             Began as an Armataur Berserker on Oct 29, 2023.
             Was a Believer of Trog.
             Succumbed to an orc priest's poison
             ... on level 5 of the Dungeon.
             The game lasted 00:05:29 (3935 turns).

strifetoe the Cudgeller (Armataur Berserker)        Turns: 3935, Time: 00:05:29

Health: 0/88       AC: 12    Str: 22    XL:     7   Next: 87%
Magic:  7/7        EV:  6    Int:  7    God:    Trog [**....]
Gold:   220        SH:  0    Dex: 12    Spells: 6/6 levels left

rFire   . . .        a - +0 mace
rCold   . . .        (no shield)
rNeg    . . .        d - +0 chain mail
rPois   .            j - +0 helmet
rElec   .            q - +2 cloak
rCorr   +            (no gloves)
SInv    .            (no barding)
Will    .....        (no amulet) Stlth
                     s - ring of resist corrosion
HPRegen 0.34/turn    (no ring)
MPRegen 0.10/turn

%: roll
@: berserking, lethally poisoned (0 -> -3), very quick
A: large, rugged brown scales 3, deformed body, armoured tail, roll, long
tongue, awkward tongue
a: Renounce Religion, Berserk, Trog's Hand


You were on level 5 of the Dungeon.
You worshipped Trog.
Trog was pleased with you.
You visited 1 branch of the dungeon, and saw 5 of its levels.

You collected 220 gold pieces.

Inventory:

Hand Weapons
 a - a +0 mace (weapon)
 p - a +4 quarterstaff of chaos
Armour
 d - a +0 chain mail (worn)
 j - a +0 helmet (worn)
 q - a +2 cloak (worn)
Jewellery
 s - a ring of resist corrosion (left hand)
Talismans
 l - a flux talisman
Scrolls
 c - 2 scrolls of identify
 f - 5 scrolls of fog
 m - 2 scrolls of teleportation
Potions
 b - 2 potions of heal wounds
 g - a potion of attraction
 h - a potion of curing
 n - a potion of magic
 r - 2 potions of enlightenment {unknown}


   Skills:
 - Level 2.6 Fighting
 + Level 6.8 Maces & Flails
 - Level 2.4 Armour
 - Level 1.3 Dodging
 + Level 4.7 Shapeshifting


You had 6 spell levels left.
You didn't know any spells.
Your spell library was empty.

Dungeon Overview and Level Annotations

Branches:
Dungeon (5/15)             Temple (0/1) D:5

Altars:


Innate Abilities, Weirdness & Mutations

You are completely covered in rugged brown scales. (AC +3, +7% HP)
Armour fits poorly on your strangely shaped body.
You have a long armoured tail.
You roll when moving toward enemies. (Rampage)
Your long tongue fully drains potion bottles. (2x potion effects)
Your tongue gives you trouble enunciating. (1.5x scroll delay)


Message History

You kill the orc!
Trog accepts your kill.
* * * LOW HITPOINT WARNING * * *
You feel sick. The orc hits you but does no damage.
The hound bites you but does no damage.
You completely miss the hound.
Your tail-slap misses the hound.
* * * LOW HITPOINT WARNING * * *
You feel sick. The orc barely misses you. The hound barely misses you.
Unknown command.
You closely miss the hound. You tail-slap the hound!
The hound is severely wounded.
* * * LOW HITPOINT WARNING * * *
You feel sick. The hound bites you but does no damage.
Unknown command.
You hit the hound.
The hound is almost dead.
* * * LOW HITPOINT WARNING * * *
You feel sick. The orc hits you but does no damage.
The hound bites you but does no damage.
Unknown command.
You miss the hound.
The hound is almost dead.
* * * LOW HITPOINT WARNING * * *
You feel sick. The hound bites you but does no damage.
The orc closely misses you.
Unknown command.
You completely miss the hound.
The hound is almost dead.
* * * LOW HITPOINT WARNING * * *
You feel sick. The hound bites you but does no damage.
The orc hits you but does no damage.
You sock the orc!
You kill the orc!
Trog accepts your kill. The hound bites you but does no damage.
Unknown command.
You thump the hound!
You kill the hound!
Trog accepts your kill.
You die...

#...# +...# #+ #...#
.##...#....#
.....#....# ....#....#
#)).#....# ##@).#....#
+.)..#....# #..
#....#..†)# #..
######...#....########.
#...##...#...........#.
#........#...........#.
#...##...###'#.......#.
#...#######..#.......#.
#....#.......#.......#.


There were no monsters in sight!

Vanquished Creatures
  2 water moccasins (D:5)
  A black bear (D:5)
  2 ogres (D:5)
  2 phantoms (D:4)
  A hound (D:5)
  A jelly (D:3)
  3 orc priests
  Crazy Yiuf (D:3)
  Terence (D:3)
  An orc wizard (D:4)
  3 gnolls (D:3)
  An adder (D:5)
  A dart slug (D:4)
  17 orcs
  5 bats
  9 endoplasms
  2 giant cockroaches
  A hobgoblin (D:1)
  12 jackals
  6 kobolds
  3 quokkas
  4 ball pythons
  2 frilled lizards
  4 goblins (D:1)
  3 rats (D:1)
88 creatures vanquished.

Notes
Turn   | Place    | Note
-------+----------+-------------------------------------------
     0 | D:1      | strifetoe the Armataur Berserker began the quest for the
                  | Orb.
     0 | D:1      | Reached XP level 1. HP: 19/19 MP: 1/1
    51 | D:1      | Reached skill level 3 in Maces & Flails
    89 | D:1      | Reached XP level 2. HP: 19/26 MP: 2/2
   410 | D:1      | Reached ** piety under Trog
   491 | D:1      | Reached XP level 3. HP: 29/32 MP: 3/3
   814 | D:1      | Reached skill level 4 in Maces & Flails
  1361 | D:3      | Reached XP level 4. HP: 38/39 MP: 4/4
  1630 | D:3      | Noticed Terence
  1638 | D:3      | Killed Terence
  1639 | D:3      | Reached skill level 1 in Shapeshifting
  2101 | D:3      | Found a runed translucent door.
  2102 | D:3      | Noticed Crazy Yiuf
  2458 | D:3      | Killed Crazy Yiuf
  2459 | D:3      | Reached XP level 5. HP: 41/44 MP: 0/5
  2532 | D:4      | Noticed a phantom
  2636 | D:4      | Noticed a phantom
  2650 | D:4      | Killed a phantom
  2651 | D:4      | Reached skill level 5 in Maces & Flails
  2731 | D:4      | Reached XP level 6. HP: 50/53 MP: 6/6
  3252 | D:5      | Entered Level 5 of the Dungeon
  3396 | D:5      | Noticed a water moccasin
  3403 | D:5      | Killed a water moccasin
  3404 | D:5      | Reached XP level 7. HP: 59/59 MP: 7/7
  3472 | D:5      | Reached skill level 6 in Maces & Flails
  3780 | D:5      | Found a staircase to the Ecumenical Temple.
  3929 | D:5      | HP: 4/88 [poisoned by an orc priest]
  3932 | D:5      | HP: 1/88 [poisoned by an orc priest]
  3935 | D:5      | Succumbed to an orc priest's poison

Illustrated notes

Levels and vault maps discovered:
D:1:      dpeg_arrival_renting, layout_loops_corners, minmay_misc_feat_tower
D:2:      layout_basic
D:3:      layout_basic, minmay_misc_feat_five, uniq_terence,
          uniq_crazy_yiuf_cottage
D:4:      layout_cave_pools
D:5:      layout_gridville, minmay_temple_entry_enclosed_plants,
          nicolae_shop_fire_sale [nicolae_sub_dead_trees]

Skill      XL: |  1  2  3  4  5  6  7 |
---------------+----------------------+-----
Maces & Flails | 3 4 5 6 |  6.8
Shapeshifting  | 1 2 3 4 |  4.7
Fighting       | |  2.6
Armour         | |  2.4
Dodging        | |  1.3

Action                     |  1- 3 |  4- 6 |  7- 9 || total
---------------------------+-------+-------+-------++-------
  Melee: Mace              |   101 |   115 |    66 ||   282
         Tailslap          |    13 |    13 |     7 ||    33
         Punch             |     1 |     1 |       ||     2
 Invoke: Berserk           |       |     4 |     3 ||     7
    Use: Scroll            |     4 |     8 |       ||    12
 Armour: Animal skin       |    48 |       |       ||    48
         Chain mail        |    25 |   109 |   109 ||   243
  Dodge: Dodged            |    44 |    30 |    43 ||   117

Table legend: (Time is in decaauts)
 A = Elapsed time spent in this place.
 B = Non-inter-level travel time spent in this place.
 C = Inter-level travel time spent in this place.
 D = Time resting spent in this place.
 E = Time spent auto-exploring this place.
 F = Levels seen in this place.
 G = Mean time per level.
                   A        B        C        D        E       F      G
               +--------+--------+--------+--------+--------+-----+--------+
         Total |   4032 |   3952 |     80 |    410 |   2880 |   5 |  806.4 |
       Dungeon |   4032 |   3952 |     80 |    410 |   2880 |   5 |  806.4 |
               +--------+--------+--------+--------+--------+-----+--------+

Top non-repeatable levels by time:
     D:3: 1202 daAuts
     D:1: 1109 daAuts
     D:4: 852 daAuts
     D:5: 598 daAuts
     D:2: 269 daAuts
